 Dungeon Crawl Stone Soup version 0.20.0-15-g7f486f2 (webtiles) character file.

52 KleinerIrrer the Insei (level 3, 0/23 HPs)
             Began as an Octopode Transmuter on July 1, 2017.
             Slain by an adder (3 damage)
             ... on level 2 of the Dungeon.
             The game lasted 00:01:50 (1091 turns).

KleinerIrrer the Insei (Octopode Transmuter)        Turns: 1091, Time: 00:01:51

Health: 0/23       AC:  1    Str:  9    XL:     3   Next: 85%
Magic:  5/6        EV: 13    Int: 15    God:
Gold:   29         SH:  0    Dex: 13    Spells: 5/6 levels left

rFire    . . .     SeeInvis .     - Unarmed
rCold    . . .     Gourm    .   (no shield)
rNeg     . . .     Faith    .   (helmet restricted)
rPois    .         Spirit   .   (no amulet)
rElec    .         Reflect  .   (no ring)
rCorr    .         Harm     .   (no ring)
MR       .....                  (no ring)
Stlth    ++........             (no ring)
Regen    0.1/turn               (no ring)
MPRegen  0.1/turn               (no ring)
                                (no ring)
                                (no ring)

@: lethally poisoned (0 -> -4), appendage (expiring)
A: almost no armour, stealthy swim, amphibious, 8 rings, constrict 8, tentacle
spike 3, camouflage 1, gelatinous body 1
a: End Transformation


You were on level 2 of the Dungeon.
You were not hungry.
One of your tentacles had a temporary spike.
You visited 1 branch of the dungeon, and saw 2 of its levels.

You collected 29 gold pieces.

Inventory:

Missiles
 a - 12 arrows
Jewellery
 l - a +3 ring of intelligence {unknown}
Scrolls
 f - a scroll of remove curse {unknown}
 i - a scroll of enchant weapon {unknown}
Potions
 d - a potion of haste {unknown}
 e - a potion of brilliance {unknown}
 h - a potion of magic {unknown}
 j - a potion of curing
 k - a potion of might {unknown}
Books
 b - a book of Changes

   Spells                             Type                      Level
   a - Beastly Appendage              Transmutation                1
   b - Sticks to Snakes               Transmutation                2
   c - Spider Form                    Transmutation/Poison         3
   d - Ice Form                       Ice/Transmutation            4
   e - Blade Hands                    Transmutation                5
Comestibles
 c - a bread ration
 g - a meat ration


   Skills:
 + Level 1.2 Fighting
 + Level 2.3 Dodging
 + Level 3.8 Unarmed Combat
 + Level 2.4 Spellcasting
 + Level 2.2 Transmutations


You had 5 spell levels left.
You knew the following spells:

 Your Spells              Type           Power        Failure   Level  Hunger
a - Beastly Appendage     Tmut           #.....       9%          1    #......


Dungeon Overview and Level Annotations

Branches:
Dungeon (2/15)

Altars:
Fedhas
The Shining One


Innate Abilities, Weirdness & Mutations

You cannot wear most types of armour.
You are very stealthy in the water. (Stealth+)
You are amphibious.
You can wear up to eight rings at the same time.
You can use your tentacles to constrict eight enemies at once.
Your skin changes colour to match your surroundings (Stealth+).
Your rubbery body absorbs attacks. (AC +1, EV +1)
One of your tentacles bears a large vicious spike.


Message History

One of your tentacles grows a vicious spike.
The adder hisses angrily.
You completely miss the adder. Your grab misses the adder.
You pierce the adder, but do no damage.
The adder closely misses you.
You closely miss the adder. You grab the adder.
You pierce the adder, but do no damage.
Your transformation is almost over.
You constrict the adder. The adder bites you.
* * * LOW HITPOINT WARNING * * *
You are poisoned.
The adder poisons you!
You tentacle-slap the adder but do no damage.
You pierce the adder, but do no damage.
The adder is lightly wounded.
You constrict the adder.
* * * LOW HITPOINT WARNING * * *
You feel sick. The adder bites you.
* * * LOW HITPOINT WARNING * * *
The adder bites you.
You die...

#.+.......#
.#.......#
........#
#.......#
#.......#
#.......#
>###..(..$.#
...........#
........@.##.#
........S.##.#
.......)..##.#
..........##.#
..###.....##.##
# #.........#
#.........#
#####.....#
..........#


You could see an adder.

Vanquished Creatures
  2 adders (D:2)
  3 leopard geckos
  5 bats (D:1)
  3 giant cockroaches (D:2)
  A goblin (D:2)
  6 hobgoblins
  4 kobolds (D:1)
  A quokka (D:2)
  A frilled lizard (D:1)
  A rat (D:1)
27 creatures vanquished.

Notes
Turn   | Place    | Note
-------+----------+-------------------------------------------
     0 | D:1      | KleinerIrrer the Octopode Transmuter began the quest for the Orb.
     0 | D:1      | Reached XP level 1. HP: 13/13 MP: 3/3
   151 | D:1      | Reached XP level 2. HP: 18/18 MP: 5/5
   668 | D:2      | Found a blossoming altar of Fedhas.
   671 | D:2      | Found a glowing golden altar of the Shining One.
   704 | D:2      | Reached XP level 3. HP: 17/23 MP: 6/6
  1091 | D:2      | Slain by an adder

Action                   || total
-------------------------++-------
Melee: Unarmed           ||    74
       Tentacles         ||    18
       Constrict         ||    20
       Kick              ||     3
 Cast: Beastly Appendage ||     1
  Use: Potion            ||     1
 Stab: Sleeping          ||     1
  Eat: Chunk             ||     1
Armor: Skin              ||    14
Dodge: Dodged            ||    59
